 Dungeon Crawl Stone Soup version 0.25.1-2-g60ff931df9 (webtiles) character file.

Game seed: 9720103777983488426

37 Cazemata the Slasher (level 3, 0/29 HPs)
             Began as a Demonspawn Berserker on Oct 17, 2020.
             Was a Follower of Trog.
             Succumbed to an adder's poison
             ... on level 2 of the Dungeon.
             The game lasted 00:05:06 (981 turns).

Cazemata the Slasher (Demonspawn Berserker)          Turns: 981, Time: 00:05:06

Health: 0/29       AC:  2    Str: 18    XL:     3   Next: 21%
Magic:  3/3        EV: 12    Int:  8    God:    Trog [*.....]
Gold:   64         SH:  0    Dex: 12    Spells: 2/2 levels left

rFire    . . .     SeeInvis .   a - +1 falchion
rCold    . . .     Gourm    .   (no shield)
rNeg     . . .     Faith    .   b - +0 animal skin
rPois    .         Spirit   .   (no helmet)
rElec    .         Reflect  .   (no cloak)
rCorr    .         Harm     .   (no gloves)
MR       .....                  (no boots)
Stlth    +.........             (no amulet)
HPRegen  0.09/turn              (no ring)
MPRegen  0.08/turn              (no ring)

@: lethally poisoned (0 -> -6)
A: claws 1
a: Berserk, Renounce Religion


You were on level 2 of the Dungeon.
You worshipped Trog.
Trog was aware of your devotion.
You were not hungry.

You visited 1 branch of the dungeon, and saw 2 of its levels.

You collected 64 gold pieces.

Inventory:

Hand Weapons
 a - a +1 falchion (weapon)
Armour
 b - a +0 animal skin (worn)
 f - a +1 ring mail
 l - a +0 pair of gloves
 n - a +1 helmet
Scrolls
 d - a scroll of enchant weapon
 h - a scroll of remove curse
Potions
 e - a potion of invisibility {unknown}
 g - 2 potions of cancellation {unknown}
Comestibles
 c - 4 rations
 i - a chunk of flesh


   Skills:
 - Level 3.0 Fighting
 + Level 3.9 Long Blades
 - Level 1.7 Armour
 - Level 1.7 Dodging


You had 2 spell levels left.
You didn't know any spells.
Your spell library was empty.

Dungeon Overview and Level Annotations

Branches:
Dungeon (2/15)

Altars:


Innate Abilities, Weirdness & Mutations

You have sharp fingernails.


Message History

You feel sick. The adder bites you.
You are lethally poisoned!
The adder poisons you! The adder bites you.
* * * LOW HITPOINT WARNING * * *
* * * LOW HITPOINT WARNING * * *
You feel sick. The adder closely misses you. The adder misses you.
* * * LOW HITPOINT WARNING * * *
You feel sick. The adder barely misses you.
* * * LOW HITPOINT WARNING * * *
You feel sick. The adder bites you.
* * * LOW HITPOINT WARNING * * *
The adder closely misses you.
* * * LOW HITPOINT WARNING * * *
You feel sick. The adder bites you.
* * * LOW HITPOINT WARNING * * *
The adder bites you but does no damage. The adder barely misses you.
You riposte.
You closely miss the adder.
The adder is lightly wounded.
You die...

####### #.....#
#.###.################
#.#
#.......@S........# .
#.# #############...
#.#####. #.# ##..
#...... #># ....
#...## #.# #..# ##...$
#.### #..## ##.#.##
#...#
######..###รท##.#
###)# .r.......#..##.#
#.# ...##.#.#.##.##


You could see an adder.

Vanquished Creatures
  An adder (D:2)
  2 dart slugs (D:1)
  A leopard gecko (D:1)
  2 goblins
  4 hobgoblins
  4 jackals (D:1)
  3 kobolds (D:1)
  A ball python (D:1)
  A frilled lizard (D:1)
  4 rats
23 creatures vanquished.

Vanquished Creatures (others)
  A draconian (D:1)
  A gargoyle (D:1)
  2 elves (D:1)
  2 trolls (D:1)
  2 formicids (D:1)
  A naga (D:1)
  2 mummies (D:1)
  A kobold (D:1)
  4 tentacles (D:1)
16 creatures vanquished.

Grand Total: 39 creatures vanquished

Notes
Turn   | Place    | Note
-------+----------+-------------------------------------------
     0 | D:1      | Cazemata the Demonspawn Berserker began the quest for the
                  | Orb.
     0 | D:1      | Reached XP level 1. HP: 18/18 MP: 1/1
     0 | D:1      | Noticed a gargoyle
     0 | D:1      | Noticed an elf
     0 | D:1      | Noticed a naga
     0 | D:1      | Noticed a draconian
     0 | D:1      | Noticed an elf
     0 | D:1      | Noticed a formicid
     0 | D:1      | Noticed a kraken
     0 | D:1      | Noticed a troll
     0 | D:1      | Noticed a troll
     0 | D:1      | Noticed a formicid
     3 | D:1      | Killed a formicid
     6 | D:1      | Killed a draconian
     7 | D:1      | Killed a gargoyle
    13 | D:1      | Killed an elf
    13 | D:1      | Killed a naga
    14 | D:1      | Killed a troll
    15 | D:1      | Killed a troll
    15 | D:1      | Killed an elf
    15 | D:1      | Killed a formicid
   160 | D:1      | Gained mutation: You have sharp fingernails. [demonic
                  | ancestry]
   160 | D:1      | Reached XP level 2. HP: 19/24 MP: 2/2
   893 | D:2      | Reached XP level 3. HP: 9/29 MP: 3/3
   979 | D:2      | HP: 1/29 [adder (2)]
   981 | D:2      | Succumbed to an adder's poison

Illustrated notes

Levels and vault maps discovered:
D:1:      nicolae_arrival_kraken_aquarium_a, layout_loops_ring
D:2:      layout_loops_ring

Skill      XL: |  1 |
---------------+----+-----
Long Blades    | 3 |  3.9
Fighting       | |  3.0
Armour         | |  1.7
Dodging        | |  1.7

Action                   || total
-------------------------++-------
Melee: Falchion          ||    63
  Use: Scroll            ||     5
 Stab: Sleeping          ||     3
Armor: Animal skin       ||    11
Dodge: Dodged            ||    56
       Rpst.: Falchion   ||    19
